 Dungeon Crawl Stone Soup version 0.31.0-11-ge490571c62 (webtiles) character file.

Game seed: 12745054497215081223

5132 Balder the Protected (level 10, -11/86 HPs)
             Began as a Minotaur Fighter on Feb 9, 2024.
             Was a Believer of Trog.
             Mangled by an orc wizard
             ... wielding a +2 dagger of electrocution
              (19 damage)
             ... on level 9 of the Dungeon.
             The game lasted 00:40:56 (8170 turns).

Balder the Protected (Minotaur Fighter)             Turns: 8170, Time: 00:40:57

Health: -11/86     AC: 18    Str: 21    XL:     10   Next: 33%
Magic:  9/9        EV: 11    Int:  8    God:    Trog [**....]
Gold:   517        SH:  6    Dex: 17    Spells: 9/9 levels left

rFire   . . .        b - +1 dagger (venom)
rCold   . . .        c - +0 buckler
rNeg    + . .        j - +1 chain mail "Danacaw" {Rampage rCorr Int+3 Stlth+}
rPois   .            (helmet restricted)
rElec   .            o - +0 cloak
rCorr   +            y - +2 pair of gloves {Dex+3}
SInv    .            i - +0 pair of boots
Will    .....        h - amulet of faith
Stlth   +            f - ring of resist corrosion
HPRegen 0.34/turn    m - ring of positive energy
MPRegen 0.11/turn

%: rampage, faith
@: no status effects
A: horns 2, retaliatory headbutt
a: Renounce Religion, Berserk, Trog's Hand


You were on level 9 of the Dungeon.
You worshipped Trog.
Trog was pleased with you.
You visited 2 branches of the dungeon, and saw 10 of its levels.

You collected 517 gold pieces.

Inventory:

Hand Weapons
 a - a +0 flail
 b - a +1 dagger of venom (weapon)
Missiles
 p - 19 poisoned darts (quivered)
Armour
 c - a +0 buckler (worn)
 i - a +0 pair of boots (worn)
 j - the +1 chain mail "Danacaw" (worn) {Rampage rCorr Int+3 Stlth+}
   (You found it on level 2 of the Dungeon)

   Int+3:     It affects your intelligence (+3).
   rCorr:     It protects you from acid and corrosion.
   Rampage:   It bestows one free step when moving towards enemies.
   Stlth+:    It makes you more stealthy.
 l - a +1 plate armour
 o - a +0 cloak (worn)
 y - a +2 pair of gloves of dexterity (worn)
Jewellery
 f - a ring of resist corrosion (left hand)
 h - an amulet of faith (around neck)
 m - a ring of positive energy (right hand)
 s - a ring of protection from fire
 v - a ring of ice
 E - an amulet of reflection
Talismans
 n - a flux talisman
Wands
 d - a wand of paralysis (11)
 g - a wand of iceblast (2)
 C - a wand of digging (2)
Scrolls
 k - 2 scrolls of teleportation
 r - a scroll of identify
 B - a scroll of summoning
 F - a scroll of fear {unknown}
Potions
 e - a potion of mutation
 q - a potion of berserk rage {unknown}
 t - a potion of ambrosia {unknown}
 w - 5 potions of curing
 x - 2 potions of attraction
 A - a potion of resistance {unknown}
 D - a potion of heal wounds {unknown}


   Skills:
 * Level 7.4 Fighting
 * Level 7.3 Short Blades
 * Level 7.1 Maces & Flails
 + Level 0.5 Throwing
 * Level 9.9 Armour
 * Level 5.8 Dodging
 * Level 5.0 Stealth
 * Level 8.2 Shields
 + Level 0.1 Evocations
 + Level 2.7 Shapeshifting


You had 9 spell levels left.
You didn't know any spells.
Your spell library contained the following spells:

 Spells                   Type           Power      Damage    Failure   Level
 Apportation              Tloc           0%         N/A       95%         1
 Necrotise                Necr           0%         1d4       95%         1
 Sting                    Conj/Alch      0%         1d3       95%         1
 Summon Small Mammal      Summ           0%         N/A       95%         1


Dungeon Overview and Level Annotations

Branches:
Dungeon (9/15)             Temple (1/1) D:6
   Lair: D:8-11         Orc: D:9-12

Altars:
Ashenzari
Cheibriados
Dithmenos
Elyvilon
Fedhas
Gozag
Hepliaklqana
Kikubaaqudgha
Makhleb
Nemelex Xobeh
Okawaru
Qazlal
Ru
Sif Muna
Trog
Uskayaw
Vehumet
Wu Jian
Xom
Yredelemnul
Zin
The Shining One

Shops:
D:5 :   D:7 :   D:8 *:*   D:9 [

Annotations:
D:9 3 runed translucent doors, Gadfly's ghost, novice DsMo


Innate Abilities, Weirdness & Mutations

You have a pair of horns on your head.
You reflexively headbutt those who attack you in melee.


Message History

Your headbutt misses the orc warrior.
The orc warrior is heavily wounded.
The orc warrior barely misses you.
You hit the orc warrior but do no damage.
The orc warrior is severely wounded.
You block the orc warrior's attack.
You hit the orc warrior but do no damage.
The orc warrior looks as sick as possible!
The orc warrior is severely wounded.
You barely miss the orc warrior. Your headbutt misses the orc warrior.
The orc warrior is severely wounded.
The orc warrior hits you with a +0 morningstar.
You closely miss the orc warrior.
The orc warrior is severely wounded.
The orc warrior misses you. You furiously retaliate!
You headbutt the orc warrior.
You hit the orc warrior but do no damage.
The orc warrior looks as sick as possible!
Your headbutt misses the orc warrior.
The orc warrior is almost dead.
You hit the orc warrior.
The orc warrior looks as sick as possible!
The orc warrior is almost dead.
You kill the orc warrior!
Trog accepts your kill.
You hear some strange, mumbled words.
Something tries to affect you, but you resist.
You hear some strange, mumbled words.
A puff of flame appears from out of thin air!
The puff of flame hits you!
Things that are here:
a +0 morningstar; a +0 chain mail You closely miss something.
You hit something but do no damage. You headbutt something.
Something hits you but does no damage.
You are electrocuted!!
* * * LOW HITPOINT WARNING * * *
You miss something. Something hits you.
* * * LOW HITPOINT WARNING * * *
You are electrocuted!!
You die...

#.#.#####
........#
#.......#
#.......#
#......>#
#.###.......# #.
#....)).....# #.
#####{####### #.
#@# ### #. #.# #.#
#. #.# #.# #. #.#
#.# #. #.# #.# #.
#.# #.# ##
#.########.# #
#..........# #
##########.#######


There were no monsters in sight!

Vanquished Creatures
  3 trolls (D:9)
  Sigmund (D:5)
  6 yaks (D:7)
  2 steam dragons
  A water moccasin (D:6)
  2 orc warriors
  A black bear (D:4)
  An ice beast (D:6)
  2 ogres
  A sky beast (D:5)
  2 centaurs (D:8)
  A phantom (D:5)
  2 kobold brigands (D:8)
  A bullfrog (D:8)
  A scorpion (D:5)
  7 wights
  9 killer bees
  2 electric eels (D:8)
  7 howler monkeys
  A bombardier beetle (D:5)
  3 hounds
  4 orc priests
  Crazy Yiuf (D:3)
  2 gnoll boudas
  3 jellies
  A sleepcap (D:6)
  2 iguanas
  An orc wizard (D:7)
  5 adders
  15 gnolls
  A shadow imp (D:8)
  An ufetubus (D:6)
  2 ribbon worms
  2 dart slugs
  13 orcs
  3 ball pythons
  8 endoplasms
  3 giant cockroaches
  7 goblins
  5 hobgoblins
  20 kobolds
  3 quokkas
  6 bats
  3 frilled lizards (D:1)
  3 rats
170 creatures vanquished.

Vanquished Creatures (others)
  An orc wizard (D:4)
  An ufetubus (D:6)
2 creatures vanquished.

Grand Total: 172 creatures vanquished

Notes
Turn   | Place    | Note
-------+----------+-------------------------------------------
     0 | D:1      | Balder the Minotaur Fighter began the quest for the Orb.
     0 | D:1      | Reached XP level 1. HP: 19/19 MP: 0/0
   206 | D:1      | Reached XP level 2. HP: 27/27 MP: 1/1
   370 | D:1      | You fall into a shaft and drop 1 floor!
   502 | D:2      | Identified the +1 chain mail "Danacaw" {Rampage rCorr Int+3
                  | Stlth+}
   518 | D:2      | Reached XP level 3. HP: 14/33 MP: 2/2
   522 | D:2      | Reached skill level 4 in Armour
   522 | D:2      | Reached skill level 1 in Stealth
   523 | D:2      | Reached skill level 1 in Dodging
   639 | D:2      | Reached XP level 4. HP: 40/40 MP: 3/3
  1555 | D:3      | Reached skill level 5 in Maces & Flails
  1555 | D:3      | Reached skill level 6 in Armour
  1555 | D:3      | Reached XP level 5. HP: 51/51 MP: 4/4
  2345 | D:3      | Found a runed translucent door.
  2346 | D:3      | Noticed Crazy Yiuf
  2358 | D:3      | Killed Crazy Yiuf
  2524 | D:4      | Noticed a black bear
  2537 | D:4      | Killed a black bear
  2538 | D:4      | Reached XP level 6. HP: 49/58 MP: 5/5
  2770 | D:4      | Found a stormy altar of Qazlal.
  3263 | D:4      | Reached XP level 7. HP: 64/64 MP: 6/6
  3387 | D:5      | Entered Level 5 of the Dungeon
  3501 | D:5      | Noticed Sigmund
  3544 | D:5      | Found Vigyhen's Self-Improvement Boutique.
  3567 | D:5      | Reached skill level 7 in Armour
  3570 | D:5      | Reached skill level 5 in Short Blades
  3590 | D:5      | Paralysed by Sigmund for 4 turns
  3597 | D:5      | Paralysed by something for 2 turns
  3598 | D:5      | Killed Sigmund
  3599 | D:5      | Reached XP level 8. HP: 55/71 MP: 7/7
  4060 | D:6      | Found a staircase to the Ecumenical Temple.
  4078 | Temple   | Entered the Ecumenical Temple
  4156 | Temple   | Became a worshipper of Trog the Wrathful
  4632 | D:6      | Found a glowing silver altar of Zin.
  4707 | D:6      | Found a sparkling altar of Nemelex Xobeh.
  4992 | D:7      | Reached skill level 8 in Armour
  4992 | D:7      | Reached XP level 9. HP: 63/79 MP: 8/8
  5313 | D:7      | Found a sacrificial altar of Ru.
  5322 | D:7      | Reached skill level 5 in Dodging
  5533 | D:7      | Found Afroury's Vocational Training.
  6058 | D:8      | Reached * piety under Trog
  6143 | D:8      | Found an iron altar of Okawaru.
  6239 | D:8      | Found Acaluime's Book Shoppe.
  6240 | D:8      | Found Saruecw's General Store.
  6242 | D:8      | Found Vasuxu's General Store.
  6295 | D:8      | Reached skill level 9 in Armour
  6628 | D:8      | Reached ** piety under Trog
  6796 | D:8      | Found a snail-covered altar of Cheibriados.
  7405 | D:9      | Found a burning altar of Makhleb.
  7405 | D:9      | Noticed a blizzard demon
  7452 | D:9      | Noticed an orc knight
  7452 | D:9      | Noticed a kobold demonologist
  7453 | D:9      | Found a runed translucent gate.
  7453 | D:9      | Noticed Gadfly's ghost (novice DsMo)
  7454 | D:9      | Found a runed translucent gate.
  7454 | D:9      | Found a runed translucent gate.
  7454 | D:9      | Noticed a troll
  7487 | D:9      | Noticed a troll
  7491 | D:9      | Noticed a troll
  7497 | D:9      | Killed a troll
  7498 | D:9      | Reached XP level 10. HP: 70/86 MP: 9/9
  7806 | D:9      | Found a broken altar of Ashenzari.
  7880 | D:9      | Found Hoaghats's Antique Armour Shoppe.
  8153 | D:9      | Reached skill level 5 in Stealth
  8170 | D:9      | Mangled by an orc wizard

Illustrated notes

Levels and vault maps discovered:
D:1:      eino_arrival_tree_alley, layout_loops_ring, minmay_quantized
D:2:      layout_loops_ring
D:3:      layout_basic, hex_tiny, uniq_crazy_yiuf_cottage
D:4:      layout_loops_ring, kennysheep_little_box
D:5:      layout_rooms, nicolae_shop_self_help, uniq_sigmund
D:6:      hellmonk_ruined_rings, layout_basic, minitemple, temple_fountains
D:7:      layout_basic, nicolae_ru_great_annihilating_truth,
          nicolae_shop_vocational
D:8:      layout_loops_ring, cheibrodos_worm_habitat, okawaru_gym_becter,
          minivault_25, nicolae_water_bricks, dreamdust_princess_bridge,
          grunt_decor_clamped, dreamdust_mushroom_princess, minmay_fountain_box,
          kennysheep_diamond, corner_web_ring,
          nicolae_shop_distant_corner_stores
D:9:      layout_basic, evilmike_ruin_ashenzari, makhleb_altar_promises_db,
          serial_shops, shop, gammafunk_ghost_split
Temple:   eino_temple_lava

Skill      XL: |  1  2  3  4  5  6  7  8  9 10 |
---------------+-------------------------------+-----
Fighting       | 4 6 7 |  7.4
Shields        | 4 6 7 8 |  8.2
Armour         | 4 6 7 8 9 |  9.9
Stealth        | 1 3 4 5 |  5.0
Dodging        | 1 4 5 |  5.8
Maces & Flails | 3 5 6 7 |  7.1
Short Blades   | 4 5 6 7 |  7.3
Shapeshifting  | 2 |  2.7
Throwing       | |  0.5
Evocations     | |  0.1

Action                     |  1- 3 |  4- 6 |  7- 9 | 10-12 || total
---------------------------+-------+-------+-------+-------++-------
  Melee: Flail             |    58 |    17 |    42 |    12 ||   129
         Headbutt          |     5 |    27 |   107 |    21 ||   160
         Dagger            |       |   150 |   372 |    66 ||   588
  Throw: Dart              |       |       |     5 |       ||     5
         Throwing net      |       |       |     1 |       ||     1
  Evoke: Wand              |       |       |     2 |     2 ||     4
    Use: Potion            |     2 |     3 |       |       ||     5
         Scroll            |       |     7 |     4 |     4 ||    15
   Stab: Held in net/web   |       |       |     1 |       ||     1
 Armour: Scale mail        |    31 |       |       |       ||    31
         Chain mail        |     5 |    66 |   185 |    54 ||   310
  Dodge: Dodged            |    29 |    45 |   129 |    35 ||   238
  Block: Buckler           |    13 |    30 |    94 |    24 ||   161
